 Dungeon Crawl Stone Soup version 0.30-a0-358-g0d69a1922f (webtiles) character file.

Game seed: 15037868191908368467

31966 RascalDebosk the Thaumaturge (level 14, -33/112 HPs)
             Began as a Djinni Conjurer on Nov 8, 2022.
             Was a Believer of Ashenzari.
             Annihilated by an ettin
             ... wielding a +0 dire flail
              (34 damage)
             ... on level 1 of the Orcish Mines.
             The game lasted 01:41:54 (11855 turns).

RascalDebosk the Thaumaturge (Djinni Conjurer)     Turns: 11855, Time: 01:41:55

Health: -33/112    AC: 16    Str: 12    XL:     14   Next: 0%
Gold:   960        EV: 13    Int: 25    God:    Ashenzari [**....] SH:  0 Dex: 12

rFire   + + .      SeeInvis +    E - +3 scimitar (flame)
rCold   x . .      Faith    .    (no shield)
rNeg    . . .      Spirit   .    O - +3 troll leather armour {Snorg}
rPois   ∞          Reflect  .    D - +2 helmet "Behold Eternity" {Self, Fort} (curse)
rElec   +          Harm     .    i - +1 cloak
rCorr   +          Rampage  .    M - +1 pair of gloves
Will    +....                    (boots unavailable)
Stlth   ++........               b - amulet of the Air {Inacc Air Fly rElec RMsl, Evo, Self} (curse)
HPRegen 1.18/turn                H - ring of Panopticon {Str+6, Cun, Fort} (curse)
MPRegen 0.00/turn                p - ring of resist corrosion

@: flying, repel missiles
A: sickness immunity, fire resistance 2, cold vulnerability 1, float, innate
caster, HP casting, extra vitality 1
a: Renounce Religion, Shatter the Chains


You were on level 1 of the Orcish Mines.
You worshipped Ashenzari.
Ashenzari was pleased with you.
You visited 3 branches of the dungeon, and saw 12 of its levels.
You also visited: Sewer.

You collected 960 gold pieces.

Inventory:

Hand Weapons
 k - a +2 dagger of speed
 s - a +2 dagger of electrocution
 E - a +3 scimitar of flaming (weapon)
Missiles
 A - 2 throwing nets {@!f}
Armour
 i - a +1 cloak (worn)
 D - the cursed +2 helmet "Behold Eternity" (worn) {Self, Fort}
   (You found it on level 7 of the Dungeon)

   It has a curse which improves the following skills: Introspection: Fighting
   and Spellcasting.
   Fortitude: Armour and Shields.
 M - a +1 pair of gloves (worn)
 O - a +3 troll leather armour (worn) {Snorg}
Magical Staves
 I - a staff of cold
Jewellery
 b - the cursed amulet of the Air (around neck) {Inacc Air Fly rElec RMsl, Evo, Self}
   (You took it off a deep elf pyromancer on level 7 of the Dungeon)

   [amulet of nothing]

   It reduces the accuracy of all your attacks.
   It enhances your air magic.
   rElec:     It insulates you from electricity.
   Fly:       It grants you flight.
   RMsl:      It protects you from missiles.
   It has a curse which improves the following skills: Evocations: Evocations.
   Introspection: Fighting and Spellcasting.
 j - a ring of see invisible
 p - a ring of resist corrosion (right hand)
 q - an amulet of reflection
 F - an amulet of the acrobat
 H - the cursed ring of Panopticon (left hand) {Str+6, Cun, Fort}
   (You found it on level 9 of the Dungeon)

   [ring of strength]

   Str:       It affects your strength (+6).
   It has a curse which improves the following skills: Cunning: Dodging and
   Stealth.
   Fortitude: Armour and Shields.
Wands
 c - a wand of paralysis (17)
 B - a wand of iceblast (7)
 C - a wand of flame (17)
 P - a wand of quicksilver (4)
Scrolls
 f - a scroll of magic mapping
 g - a scroll of blinking
 l - 2 scrolls of butterflies
 n - 2 scrolls of summoning
 t - 3 scrolls of teleportation
 v - 3 scrolls of fear
 w - 2 scrolls of enchant weapon
 x - 2 scrolls of vulnerability
 y - a scroll of amnesia
 G - 2 scrolls of silence
 N - a scroll of brand weapon
Potions
 a - a potion of attraction
 d - 4 potions of curing
 e - 2 potions of brilliance
 h - 3 potions of magic
 m - 3 potions of might
 o - a potion of invisibility
 r - a potion of ambrosia
 u - a potion of heal wounds
 z - 2 potions of berserk rage
 J - a potion of lignification
 K - 2 potions of mutation


   Skills:
 + Level 12.3(14.2) Fighting
 - Level 4.6(6.4) Armour
 - Level 5.0(6.2) Dodging
 - Level 1.5(2.4) Stealth
 * Level 14.0(15.8) Spellcasting
 - Level 5.0(6.2) Evocations


You had 12 spell levels left.
You knew the following spells:

 Your Spells              Type           Power      Damage    Failure   Level
a - Magic Dart            Conj           100%       1d8       0%          1
b - Searing Ray           Conj           100%       2d8       0%          2
c - Dazzling Flash        Conj/Hex       100%       N/A       0%          3
d - Fulminant Prism       Conj/Hex       39%        3d17      1%          4
e - Iskenderun's Mystic   Conj/Tloc      78%        2d16      1%          4
f - Summon Small Mammal   Summ           100%       N/A       0%          1
g - Poisonous Vapours     Pois/Air       100%       N/A       0%          2
h - Vampiric Draining     Necr           78%        2d11      0%          3
i - Ignite Poison         Fire/Tmut/Pois 78%        N/A       0%          3
j - Animate Armour        Summ/Erth      100%       N/A       1%          4
k - Lightning Bolt        Conj/Air       49%        1d70      1%          5
Your spell library was empty.

Dungeon Overview and Level Annotations

Branches:
Dungeon (12/15)            Temple (1/1) D:7            Lair (0/5) D:9
    Orc (1/2) D:9           Sewer (visited)

Altars:
Ashenzari
Cheibriados
Elyvilon
Fedhas
Gozag
Hepliaklqana
Makhleb
Nemelex Xobeh
Okawaru
Qazlal
Ru
Trog
Wu Jian
Yredelemnul
Zin
The Shining One

Annotations:
D:8 1 runed translucent door, hikkokomori's ghost, novice DgSu


Innate Abilities, Weirdness & Mutations

You are immune to sickness and miasma.
You are immune to poison.
Your flesh is very heat resistant. (rF++)
You are vulnerable to cold. (rC-)
You float through the air rather than walking.
You learn spells naturally, not from books.
Your magical power is your life essence.
You have superior vitality. (+4 MHP)


Message History

The cyclops seems to burn from within!!!
You kill the cyclops!
There is an open door here.
You now have 934 gold pieces (gained 22).
You reach down and open the door.
There is an open door here.
You now have 960 gold pieces (gained 26).
There is an open door here.
You reach down and open the door.
There is an open door here.
You reach down and open the door. 3 cyclopes come into view.
The cyclops shouts! x2; You hear two shouts!
The cyclops throws a large rock.
The large rock misses you.
There is an open door here.
Casting: Ignite Poison (safe; 0% risk of failure)
Confirm with . or Enter, or press ? or * to list all spells.
Aiming: Poisonous Vapours (safe; 0% risk of failure)
Press: ? - help, Dir - move target, f - cyclops
Aim: a cyclops, quivering large rocks You feel a surge of power!
Poisonous vapours surround the cyclops!
The cyclops is poisoned.
The cyclops shouts!
The cyclops throws a large rock.
The large rock hits you!
Casting: Poisonous Vapours (safe; 0% risk of failure)
Confirm with . or Enter, or press ? or * to list all spells.
You ignite the poison in your surroundings!
The cyclops seems to burn from within!!!!
You kill the cyclops!
An ettin comes into view. It is wielding two +0 dire flails. x2
Casting: Ignite Poison (safe; 0% risk of failure)
Confirm with . or Enter, or press ? or * to list all spells.
Aiming: Poisonous Vapours (safe; 0% risk of failure)
Press: ? - help, Dir - move target, f - cyclops
Aim: a cyclops, quivering large rocks You feel a surge of power!
Poisonous vapours surround the cyclops!
The cyclops is poisoned.
The ettin shouts in stereo!
The cyclops throws a large rock.
The large rock closely misses you.
Casting: Poisonous Vapours (safe; 0% risk of failure)
Confirm with . or Enter, or press ? or * to list all spells.
You ignite the poison in your surroundings!
The cyclops seems to burn from within!!!
You kill the cyclops!
Casting: Ignite Poison (safe; 0% risk of failure)
Confirm with . or Enter, or press ? or * to list all spells.
Aiming: Poisonous Vapours (safe; 0% risk of failure)
Press: ? - help, Dir - move target, f - cyclops
Aim: a cyclops, quivering large rocks You feel a surge of power!
Poisonous vapours surround the cyclops!
The cyclops is poisoned.
Casting: Poisonous Vapours (safe; 0% risk of failure)
Confirm with . or Enter, or press ? or * to list all spells.
You ignite the poison in your surroundings!
The cyclops seems to burn from within!!!
You kill the cyclops!
Your base Spellcasting skill increases to level 14!
You have reached level 14!
Casting: Ignite Poison (safe; 0% risk of failure)
Confirm with . or Enter, or press ? or * to list all spells.
Aiming: Poisonous Vapours (safe; 0% risk of failure)
Press: ? - help, Dir - move target, f - ettin
Aim: an ettin, wielding two +0 dire flails You feel a surge of power!
Poisonous vapours surround the ettin!
The ettin looks as sick as possible!
A stone giant comes into view.
Casting: Poisonous Vapours (safe; 0% risk of failure)
Confirm with . or Enter, or press ? or * to list all spells.
You erupt in a blast of force!
The mystic blast hits the ettin!
The ettin is moderately wounded.
The mystic blast hits the ettin!
The ettin is lightly wounded.
The stone giant shouts!
The stone giant throws a large rock.
The large rock misses you.
Casting: Iskenderun's Mystic Blast (safe; 1% risk of failure)
Confirm with . or Enter, or press ? or * to list all spells.
You erupt in a blast of force!
The mystic blast hits the ettin!
The ettin is heavily wounded.
The mystic blast hits the ettin!!
The ettin is heavily wounded.
The ettin is knocked back by the mystic blast.
The ettin hits you with a +0 dire flail!!!
* * * LOW HITPOINT WARNING * * *
The ettin hits you with a +0 dire flail!
* * * LOW HITPOINT WARNING * * *
Casting: Iskenderun's Mystic Blast (safe; 1% risk of failure)
Confirm with . or Enter, or press ? or * to list all spells.
Aiming: Poisonous Vapours (safe; 0% risk of failure)
Press: ? - help, Dir - move target, f - ettin, p - ettin
Aim: an ettin, wielding two +0 dire flails (heavily wounded)
You feel a surge of power!
Poisonous vapours surround the ettin!
The ettin is poisoned.
* * * LOW HITPOINT WARNING * * *
The ettin hits you with a +0 dire flail!
* * * LOW HITPOINT WARNING * * *
The ettin hits you with a +0 dire flail!!
* * * LOW HITPOINT WARNING * * *
The ettin barely misses you.
The ettin hits you with a +0 dire flail!!
You die...

, ,,,
#.......#
#.......#
,
#..C....#
, ,
#.......#
,
#.....(.#
#.....(.#*
,
#.CC(...#
, *#@#*+ ,
#.#* , #.#
,**,, ,
,,,
##'##,, ,
, #...# ,
#...# ,*
#...#### ,
, #.(.'..#
#((.##.# ,
,


You could see a stone giant and 2 ettins.

Vanquished Creatures
  Snorg (D:11)
  An ettin (Orc:1)
  Erica (D:8)
  4 two-headed ogres
  2 boulder beetles
  A death yak (D:9)
  Pikel (D:7)
  2 deep elf pyromancers
  2 orc knights (Orc:1)
  2 ugly things (D:7)
  A manticore (D:10)
  14 cyclopes
  An elephant (D:9)
  2 slime creatures (D:7)
  Maggie (D:9)
  A komodo dragon (D:11)
  2 gargoyles
  4 unseen horrors
  2 kobold demonologists
  5 trolls
  A hornet (D:10)
  Prince Ribbit (D:7)
  Sigmund (D:2)
  A shadow (D:9)
  2 wraiths
  A vampire (D:10)
  2 humans (D:10)
  30 yaks
  3 wyverns
  A steam dragon (D:7)
  2 basilisks
  Menkaure (D:7)
  2 acid dragons (D:11)
  5 wargs (Orc:1)
  A water moccasin (D:7)
  2 sky beasts (D:7)
  8 orc warriors
  2 black bears
  3 ice beasts
  2 wolves (Orc:1)
  4 ogres
  5 centaurs
  7 kobold brigands
  2 necrophages
  6 bullfrogs
  3 gnoll sergeants
  3 scorpions
  A wight (D:7)
  16 killer bees
  3 howler monkeys
  5 orc priests
  3 hounds
  2 jellies
  2 iguanas (D:7)
  Jessica (D:2)
  Terence (D:2)
  9 orc wizards
  10 gnolls
  10 adders
  A river rat (D:6)
  2 shadow imps
  2 white imps (D:6)
  An ufetubus (D:7)
  5 worms (D:6)
  A dart slug (D:1)
  27 orcs
  8 ball pythons
  4 endoplasms
  15 giant cockroaches
  3 goblins
  4 hobgoblins (D:1)
  4 jackals
  4 quokkas
  4 bats
  8 frilled lizards
  20 kobolds
  6 rats
333 creatures vanquished.

Vanquished Creatures (collateral kills)
  A kobold (D:11)
1 creature vanquished.

Vanquished Creatures (others)
  18 fulminant prisms
  8 plants (D:7)
26 creatures vanquished.

Grand Total: 360 creatures vanquished

Notes
Turn   | Place    | Note
-------+----------+-------------------------------------------
     0 | D:1      | RascalDebosk the Djinni Conjurer began the quest for the
                  | Orb.
     0 | D:1      | RascalDebosk set off with the following spells memorised:
                  | Magic Dart, Searing Ray, Dazzling Flash, Fulminant Prism,
                  | Iskenderun's Mystic Blast.
     0 | D:1      | Reached XP level 1. HP: 15/15 MP: 0/0
   107 | D:1      | Reached XP level 2. HP: 18/21 MP: 0/0
   293 | D:1      | Reached XP level 3. HP: 24/25 MP: 0/0
   293 | D:1      | Learned a level 1 spell: Summon Small Mammal
   545 | D:1      | Reached skill level 4 in Spellcasting
   779 | D:2      | Noticed Terence
   787 | D:2      | Killed Terence
   788 | D:2      | Reached XP level 4. HP: 6/31 MP: 0/0
   952 | D:2      | Noticed Sigmund
   965 | D:2      | Killed Sigmund
   966 | D:2      | Reached skill level 5 in Spellcasting
   966 | D:2      | Reached XP level 5. HP: 34/39 MP: 0/0
   966 | D:2      | Learned a level 2 spell: Poisonous Vapours
   966 | D:2      | Reached XP level 6. HP: 39/45 MP: 0/0
  1027 | D:2      | Noticed Jessica
  1033 | D:2      | Killed Jessica
  1045 | D:2      | Identified the +4 quarterstaff of the Dwarven Hall {freeze,
                  | rF- Dex+4}
  1995 | D:3      | You are sucked into a shaft and drop 3 floors!
  2031 | D:6      | Reached XP level 7. HP: 11/50 MP: 0/0
  2031 | D:6      | Learned a level 3 spell: Vampiric Draining
  2325 | D:6      | Reached skill level 6 in Spellcasting
  2393 | D:6      | Reached skill level 1 in Evocations
  2393 | D:6      | Reached XP level 8. HP: 22/58 MP: 0/0
  2533 | D:6      | Found a glowing drain.
  2538 | Sewer    | Entered a sewer
  2932 | Sewer    | Identified the +7 sling of Unreason {freeze, rPois rN+
                  | Int-5 Dex+3}
  3508 | D:6      | Reached skill level 5 in Fighting
  3731 | D:6      | Found a hazy altar of Hepliaklqana.
  3869 | D:7      | Reached skill level 7 in Spellcasting
  3873 | D:7      | Reached XP level 9. HP: 48/65 MP: 0/0
  3873 | D:7      | Learned a level 3 spell: Ignite Poison
  3949 | D:7      | Noticed a gargoyle
  3954 | D:7      | Killed a gargoyle
  4179 | D:7      | Noticed a white ugly thing
  4185 | D:7      | Killed a white ugly thing
  4186 | D:7      | Reached skill level 8 in Spellcasting
  4188 | D:7      | Killed an unseen horror
  4189 | D:7      | Reached skill level 5 in Evocations
  4189 | D:7      | Reached XP level 10. HP: 9/73 MP: 0/0
  4209 | D:7      | Killed an unseen horror
  4222 | D:7      | Noticed a cyan ugly thing
  4226 | D:7      | Killed a cyan ugly thing
  4227 | D:7      | Reached skill level 9 in Spellcasting
  4263 | D:7      | Noticed a deep elf pyromancer
  4285 | D:7      | Killed a deep elf pyromancer
  4764 | D:7      | Found a glowing golden altar of the Shining One.
  5132 | D:7      | Reached skill level 10 in Spellcasting
  5132 | D:7      | Reached XP level 11. HP: 64/82 MP: 0/0
  5132 | D:7      | Learned a level 4 spell: Animate Armour
  5262 | D:7      | Noticed Prince Ribbit
  5270 | D:7      | Killed Prince Ribbit
  5279 | D:7      | Found a staircase to the Ecumenical Temple.
  5288 | Temple   | Entered the Ecumenical Temple
  5704 | D:7      | Noticed Pikel
  5706 | D:7      | Killed Pikel
  5708 | D:7      | Noticed Menkaure
  5714 | D:7      | Killed Menkaure
  5981 | D:7      | Found a broken altar of Ashenzari.
  5986 | D:7      | Became a worshipper of Ashenzari the Shackled
  6157 | D:8      | Noticed hikkokomori's ghost (novice DgSu)
  6159 | D:8      | Found a runed translucent door.
  6220 | D:8      | Found a stormy altar of Qazlal.
  7005 | D:8      | Noticed Erica
  7023 | D:8      | HP: 4/84 [Erica/+1 scimitar of flaming (1)]
  7025 | D:8      | Killed Erica
  7564 | D:9      | Reached skill level 5 in Dodging
  7564 | D:9      | Reached skill level 11 in Spellcasting
  7628 | D:9      | Noticed an elephant
  7632 | D:9      | Killed an elephant
  7647 | D:9      | Reached skill level 1 in Armour
  7781 | D:9      | Reached XP level 12. HP: 74/91 MP: 0/0
  7834 | D:9      | Noticed a two-headed ogre
  7839 | D:9      | Killed a two-headed ogre
  8013 | D:9      | Noticed a death yak
  8022 | D:9      | Killed a death yak
  8023 | D:9      | Reached skill level 10 in Fighting
  8226 | D:9      | Noticed Maggie
  8230 | D:9      | Killed Maggie
  8328 | D:9      | Found a staircase to the Lair.
  8379 | D:9      | Found a staircase to the Orcish Mines.
  8442 | D:10     | Entered Level 10 of the Dungeon
  8681 | D:10     | Found an iron altar of Okawaru.
  9024 | D:10     | Noticed a two-headed ogre
  9027 | D:10     | Killed a two-headed ogre
  9149 | D:10     | Reached skill level 12 in Spellcasting
  9184 | D:10     | Noticed a two-headed ogre
  9187 | D:10     | Killed a two-headed ogre
  9223 | D:10     | Noticed a two-headed ogre
  9226 | D:10     | Killed a two-headed ogre
  9648 | D:10     | Noticed a sun demon
  9650 | D:10     | Noticed a sixfirhy
  9668 | D:10     | Found an ornate altar of the Wu Jian Council.
 10116 | D:11     | Reached XP level 13. HP: 92/99 MP: 0/0
 10116 | D:11     | Learned a level 5 spell: Lightning Bolt
 10126 | D:11     | Noticed Snorg
 10132 | D:11     | Killed Snorg
 10457 | D:11     | Reached * piety under Ashenzari
 10969 | D:12     | Reached skill level 13 in Spellcasting
 11321 | D:12     | Reached ** piety under Ashenzari
 11451 | Orc:1    | Entered Level 1 of the Orcish Mines
 11604 | Orc:1    | Noticed an ettin
 11613 | Orc:1    | Killed an ettin
 11847 | Orc:1    | Noticed an ettin
 11847 | Orc:1    | Noticed an ettin
 11852 | Orc:1    | Reached skill level 14 in Spellcasting
 11852 | Orc:1    | Reached XP level 14. HP: 91/112 MP: 0/0
 11852 | Orc:1    | Noticed a stone giant
 11855 | Orc:1    | HP: 1/112 [ettin/+0 dire flail (22)]
 11855 | Orc:1    | Annihilated by an ettin

Illustrated notes

Levels and vault maps discovered:
D:1:      ebering_trefoil_3fold, layout_rooms, minmay_misc_feat_tower
D:2:      layout_loops_corners, uniq_jessica, uniq_sigmund, uniq_terence
D:3:      layout_loops_ring, mainiacjoe_overflow_chevrons, minmay_between
D:6:      layout_cave_pods, marbit_many_paths, lightli_sewer_entry_pipes,
          serial_column_ruins, column_ruins_columns_water,
          column_ruins_corridor_T, column_ruins_columns_corner,
          column_ruins_open_tiny, column_ruins_corridor_straight,
          column_ruins_grid_2, column_ruins_open_small_water,
          grunt_decor_junction
D:7:      nzn_winding_woodlands_large [nzn_winding_woodlands_5x5_perimeter,
          nzn_winding_woodlands_5x15_jagged,
          nzn_winding_woodlands_5x5_open_star,
          nzn_winding_woodlands_center_garden,
          nzn_winding_woodlands_15x15_thick_spiral,
          nzn_winding_woodlands_center_triple_pond,
          nzn_winding_woodlands_5x5_cross, nzn_winding_woodlands_5x15_crooked,
          nzn_winding_woodlands_hourglass], layout_basic,
          mainiacjoe_overflow_boulevard, kennysheep_mini_moat,
          minmay_temple_entry_wispy, uniq_menkaure, uniq_pikel,
          uniq_prince_ribbit1
D:8:      layout_loops_corners, nicolae_qazlal_style_of_elements,
          hellmonk_ghost_happy_afterlife, uniq_erica
D:9:      layout_gridville, david_lair_generic, orc_0_dummy,
          minmay_misc_feat_roman, uniq_maggie
D:10:     minmay_distorted_concentric_squares, layout_stronghold,
          okawaru_humans, kennysheep_little_box
D:11:     layout_rooms, uniq_snorg
D:12:     layout_grid_maze
Temple:   minmay_temple_forest_path
Orc:1:    giant_chief_lemuel, layout_caves, minmay_shop_enchanted_jewellery

Skill      XL: |  1  2  3  4  5  6  7  8  9 10 11 12 13 |
---------------+----------------------------------------+-----
Spellcasting   | 4 5 6 7 8 10 11 12 14 | 14.0
Fighting       | 2 3 4 5 6 8 9 10 12 | 12.3
Evocations     | 1 3 5 |  5.0
Dodging        | 5 |  5.0
Armour         | 1 4 |  4.6
Stealth        | |  1.5

Action                   |  1- 3 |  4- 6 |  7- 9 | 10-12 | 13-15 || total
-------------------------+-------+-------+-------+-------+-------++-------
Melee: Dagger            |       |     1 |     5 |     1 |       ||     7
       Scimitar          |       |       |       |    15 |     8 ||    23
 Cast: Magic Dart        |    43 |    23 |    94 |     8 |       ||   168
       Searing Ray       |     2 |     4 |     8 |     5 |     4 ||    23
       Dazzling Flash    |     1 |       |       |       |       ||     1
       Fulminant Prism   |       |     1 |     2 |    11 |     4 ||    18
       Poisonous Vapours |       |    11 |    11 |   124 |    75 ||   221
       Iskenderun's Myst |       |     2 |    41 |    22 |    14 ||    79
       Ignite Poison     |       |       |     3 |    68 |    50 ||   121
       Lightning Bolt    |       |       |       |       |     3 ||     3
       Summon Small Mamm |       |       |       |       |     1 ||     1
       Animate Armour    |       |       |       |       |     1 ||     1
Invok: Curse Item        |       |       |       |     1 |     2 ||     3
  Use: Scroll            |       |     3 |       |    15 |     1 ||    19
       Potion            |       |       |     3 |       |       ||     3
Armor: Robe              |     2 |     3 |     6 |    10 |       ||    21
       Acid dragon scale |       |       |       |    11 |     3 ||    14
       Troll leather arm |       |       |       |       |    13 ||    13
Dodge: Dodged            |     7 |    11 |    35 |    53 |    37 ||   143
       Repelled          |       |       |       |       |     3 ||     3
Block: Other             |       |       |     1 |    10 |       ||    11
       Reflection        |       |       |       |     1 |       ||     1

Table legend: (Time is in decaauts)
 A = Elapsed time spent in this place.
 B = Non-inter-level travel time spent in this place.
 C = Inter-level travel time spent in this place.
 D = Time resting spent in this place.
 E = Time spent auto-exploring this place.
 F = Levels seen in this place.
 G = Mean time per level.
                   A        B        C        D        E       F      G
               +--------+--------+--------+--------+--------+-----+--------+
         Total |  11859 |  11627 |    232 |   2315 |   7434 |  13 |  912.2 |
       Dungeon |  10502 |  10292 |    210 |   2014 |   6693 |  10 | 1050.2 |
        Temple |    399 |    377 |     22 |      0 |    364 |   1 |  399.0 |
  Orcish Mines |    406 |    406 |      0 |      0 |    255 |   1 |  406.0 |
         Sewer |    550 |    550 |      0 |    301 |    122 |   1 |  550.0 |
               +--------+--------+--------+--------+--------+-----+--------+

Top non-repeatable levels by time:
     D:7: 1930 daAuts
    D:10: 1894 daAuts
     D:6: 1274 daAuts
     D:8: 1255 daAuts
     D:9: 1066 daAuts
     D:2: 1061 daAuts
     D:1: 754 daAuts
    D:12: 676 daAuts
   Sewer: 550 daAuts
    D:11: 411 daAuts
   Orc:1: 406 daAuts
  Temple: 399 daAuts
     D:3: 177 daAuts
